AoeStats
← AM | MANCO-KUN

African Clearing

510924651Analyzed
4v4 RM · 15h ago on Oct 3, 2026· 76m 18s· 8 players
Game mode
Random Map
Map size
Large (8 player)
Population
200
Speed
Normal
Resources
Standard
Victory
Conquest
Starting age
Dark Age
Ending age
Imperial Age
RankedLock teamsTeams togetherTeam positionsShared explorationLock speedFull tech treeHidden civsTurbo modeCheats
Victory
Defeat
🇺🇸 Mongols · United States
1395
+13
🇺🇸 Magyars · United States
1367
+14
🇺🇸 Italians · United States
1317
+16
🇺🇸 Franks · United States
1290
+18
🇨🇴 Tupi · Colombia
1433
-19
🇲🇽 Vietnamese · Mexico
1343
-16
🇪🇨 Khmer · Ecuador
1302
-14
🇲🇽 Sicilians · Mexico
1234
-12
AM | MANCO-KUN
3:31 Loom
12:31 Feudal Age
14:30 Double-Bit Axe
15:49 Town Watch
16:45 Forging
18:27 Scale Barding Armor
23:23 Bloodlines
28:29 Castle Age
28:20 Gold Mining
28:22 Horse Collar
29:15 Husbandry
31:10 Iron Casting
31:46 Chain Barding Armor
34:50 Wheelbarrow
40:09 Hand Cart
41:05 Town Patrol
45:31 Heavy Plow
45:35 Fletching
48:56 Imperial Age
49:54 Cavalier
51:56 Plate Barding Armor
52:58 Bodkin Arrow
54:26 Chatras
54:44 Bracer
60:44 Stone Mining
71:22 Stone Shaft Mining
70:47 Light Cavalry
AM | Popeyin
3:57 Loom
AM | AndresBC
9:58 Loom
12:53 Feudal Age
15:53 Fletching
25:19 Castle Age
24:06 Padded Archer Armor
25:22 Crossbowman
26:00 Bodkin Arrow
26:47 Leather Archer Armor
27:25 Double-Bit Axe
27:21 Horse Collar
35:49 Gold Mining
36:10 Bow Saw
35:51 Stone Mining
42:03 Imperial Age
40:14 Wheelbarrow
39:24 Pikeman
40:05 Squires
40:07 Scale Mail Armor
40:37 Heavy Plow
40:27 Arson
40:54 Forging
41:35 Hand Cart
41:39 Chain Mail Armor
42:13 Capped Ram
43:28 Plate Mail Armor
43:34 Iron Casting
42:56 Halberdier
43:43 Siege Ram
45:40 Murder Holes
46:08 Heavy Scorpion
47:26 Ballistics
48:07 Chemistry
48:00 Champi Runner
48:57 Champi Warrior
50:01 Bracer
50:34 Caciques
50:53 Conscription
52:53 Two-Man Saw
52:29 Gold Shaft Mining
52:33 Elite Champi Warrior
55:45 Guard Tower
55:42 Arrowslits
56:28 Ring Archer Armor
59:49 Onager
60:52 Curare
67:09 Heated Shot
67:33 Elite Skirmisher
68:51 Imperial Skirmisher
rafv
6:02 Loom
11:45 Feudal Age
13:26 Double-Bit Axe
17:21 Scale Barding Armor
17:31 Forging
19:41 Horse Collar
21:51 Scale Barding Armor
23:04 Bloodlines
25:52 Castle Age
25:54 Light Cavalry
28:32 Chain Barding Armor
35:51 Town Watch
36:39 Bow Saw
37:33 Gold Mining
38:02 Husbandry
42:04 Guard Tower
42:44 Fletching
43:28 Bodkin Arrow
49:41 Imperial Age
48:46 Gold Shaft Mining
50:12 Wheelbarrow
51:48 Heavy Scorpion
51:51 Hussar
54:05 Chemistry
54:07 Cavalier
55:23 Ballistics
57:52 Double Crossbow
64:06 Plate Barding Armor
64:07 Iron Casting
Zook
7:23 Loom
13:59 Feudal Age
16:59 Scale Barding Armor
23:15 Bloodlines
28:37 Fletching
33:54 Castle Age
32:18 Double-Bit Axe
34:45 Bow Saw
39:28 Wheelbarrow
39:30 Horse Collar
41:10 Stone Mining
41:31 Gold Mining
43:21 Bodkin Arrow
51:55 Corvinian Army
57:12 Chain Barding Armor
59:52 Imperial Age
58:57 Hand Cart
60:18 Heavy Plow
59:58 Elite Magyar Huszar
61:27 Plate Barding Armor
67:16 Hoardings
68:27 Conscription
68:35 Conscription
67:56 Sappers
68:46 Conscription
69:28 Town Watch
71:18 Coinage
72:53 Bracer
73:43 Banking
73:46 Town Patrol
75:27 Ballistics
76:07 Chemistry
75:12 Siege Engineers
76:10 Fervor
76:17 Block Printing
76:27 Illumination
76:03 Devotion
76:23 Sanctity
76:24 Heresy
76:39 Theocracy
76:00 Herbal Medicine
76:43 Crop Rotation
77:15 Two-Man Saw
76:18 Husbandry
76:10 Sappers
77:26 Gold Shaft Mining
Axel
4:39 Loom
15:21 Feudal Age
21:02 Double-Bit Axe
23:47 Castle Age
22:14 Fletching
23:52 Stone Mining
25:56 Bodkin Arrow
27:56 Ballistics
28:42 Padded Archer Armor
30:31 Leather Archer Armor
34:38 Bow Saw
43:58 Thumb Ring
50:27 Imperial Age
48:33 Wheelbarrow
47:44 Town Watch
49:04 Gold Mining
49:28 Masonry
51:14 Bracer
51:43 Conscription
52:45 Chemistry
52:16 Hand Cart
53:21 Architecture
53:24 Ring Archer Armor
56:29 Elite Genoese Crossbowman
71:58 Hoardings
Swix
12:26 Feudal Age
11:32 Loom
13:18 Double-Bit Axe
14:11 Fletching
22:09 Town Watch
30:38 Castle Age
31:54 Bow Saw
31:33 Horse Collar
32:32 Wheelbarrow
31:43 Fishing Lines
40:15 Bodkin Arrow
40:21 Padded Archer Armor
40:24 Gold Mining
40:25 Stone Mining
44:42 Imperial Age
42:57 Leather Archer Armor
44:01 Ballistics
44:26 Bloodlines
44:16 Husbandry
45:11 Nomads
45:25 Masonry
45:34 Bracer
46:39 Chemistry
46:47 Gold Shaft Mining
46:47 Stone Shaft Mining
46:47 Conscription
46:42 Thumb Ring
47:03 Parthian Tactics
47:33 Drill
48:01 Coinage
50:11 Banking
49:41 Caravan
49:44 Herbal Medicine
49:49 Devotion
49:21 Capped Ram
50:34 Onager
52:13 Hoardings
52:16 Elite Mangudai
54:01 Siege Ram
62:33 Siege Onager
Jangles
6:53 Loom
14:51 Feudal Age
19:04 Castle Age
17:22 Double-Bit Axe
25:25 Forging
29:40 Wheelbarrow
28:51 Town Watch
30:22 Husbandry
31:59 Iron Casting
31:30 Scale Barding Armor
36:45 Bow Saw
37:53 Chain Barding Armor
44:43 Hand Cart
44:28 Town Patrol
55:45 Imperial Age
55:53 Cavalier
57:25 Conscription
60:00 Blast Furnace
59:52 Scale Mail Armor
60:28 Plate Barding Armor
60:01 Paladin
68:50 Pikeman
69:31 Squires
69:16 Arson
69:35 Scale Mail Armor
69:49 Halberdier
70:53 Chain Mail Armor
72:10 Plate Mail Armor
Connection lost

Rejoining the realm…

Still unreachable

The connection could not be restored.

Session expired

The server has moved on; the page needs a fresh start.